 Dungeon Crawl Stone Soup version 0.31-a0-986-g5e6e4ef867 (webtiles) character file.

Game seed: 4489828163150194632

3894 DocClef the Ruffian (level 10, -6/98 HPs)
             Began as a Troll Shapeshifter on Nov 13, 2023.
             Was an Elder of Okawaru.
             Mangled by a water elemental (11 damage)
             ... on level 8 of the Dungeon.
             The game lasted 00:07:12 (5059 turns).

DocClef the Ruffian (Troll Shapeshifter)            Turns: 5059, Time: 00:07:12

Health: -6/98      AC:  6    Str: 28    XL:     10   Next: 0%
Magic:  0/0        EV: 11    Int: 15    God:    Okawaru [****..]
Gold:   802        SH:  0    Dex:  9    Spells: 9/9 levels left

rFire   + .          .
                       - Unarmed
rCold   . . .        (no shield)
rNeg    . . .        C - +2 robe {Will+}
rPois   .            (helmet currently unavailable)
rElec   .            (cloak currently unavailable)
rCorr   .            (gloves unavailable)
SInv    .            (boots unavailable)
Will    +....        (no amulet)
Stlth   +            v - ring "Wext" {rF+ MP-9 Int+9}
HPRegen 1.16/turn    (no ring)
MPRegen 0.07/turn

%: no passive effects
@: beast-form
A: beast (slay +4), large, unfitting armour, claws 3, regeneration 1, shaggy fur
1, tough skin 1
a: Begin Untransformation, Renounce Religion, Heroism, Finesse


You were on level 8 of the Dungeon.
You worshipped Okawaru.
Okawaru was greatly pleased with you.
You were a hulking beast.
You visited 1 branch of the dungeon, and saw 9 of its levels.
You also visited: Ossuary.

You collected 802 gold pieces.

Inventory:

Armour
 a - a +0 animal skin
 C - a +2 robe of willpower (worn)
Jewellery
 k - a ring of magical power
 l - a ring of fire
 m - a ring of magical power
 v - the ring "Wext" (left claw) {rF+ MP-9 Int+9}
   (You took it off a hobgoblin on level 4 of the Dungeon)

   [ring of protection from fire]

   Int+9:     It affects your intelligence (+9).
   rF+:       It protects you from fire.
   MP-9:      It affects your magic capacity (-9).
Talismans
 c - a beast talisman
 d - a flux talisman
 B - a maw talisman
Wands
 z - a wand of paralysis (5)
 A - a wand of flame (29)
Scrolls
 f - 3 scrolls of enchant armour {unknown}
 h - 2 scrolls of torment {unknown}
 i - a scroll of blinking {unknown}
 j - 4 scrolls of poison {unknown}
 n - 3 scrolls of enchant weapon {unknown}
 o - a scroll of noise {unknown}
 q - 4 scrolls of identify {unknown}
 r - a scroll of amnesia {unknown}
 s - 2 scrolls of brand weapon {unknown}
 u - 5 scrolls of teleportation {unknown}
 w - a scroll of revelation {unknown}
 y - a scroll of fog {unknown}
 F - a scroll of acquirement {unknown}
Potions
 b - a potion of lignification
 e - 3 potions of brilliance {unknown}
 g - 3 potions of enlightenment {unknown}
 p - a potion of berserk rage {unknown}
 t - a potion of resistance {unknown}
 x - a potion of attraction {unknown}
 D - a potion of magic {unknown}
 E - a potion of mutation {unknown}
 G - a potion of might {unknown}
 H - a potion of curing {unknown}


   Skills:
 + Level 6.0 Fighting
 + Level 6.2 Dodging
 + Level 7.9 Unarmed Combat
 + Level 7.2 Shapeshifting


You had 9 spell levels left.
You didn't know any spells.
Your spell library contained the following spells:

 Spells                   Type           Power      Damage    Failure   Level
 Magic Dart               Conj           0%         1d3       26%         1
 Sandblast                Erth           0%         2d4       26%         1
 Shock                    Conj/Air       0%         1d3       26%         1
 Sting                    Tmut/Pois      0%         1d3       26%         1
 Searing Ray              Conj           0%         2d4       38%         2
 Swiftness                Air            0%         N/A       63%         3
 Airstrike                Air            0%         2d(0-16)  95%         4
 Fulminant Prism          Conj/Hex       0%         3d5       95%         4
 Summon Small Mammal      Summ           Unusable   N/A       N/A         1

Dungeon Overview and Level Annotations

Branches:
Dungeon (9/15)             Temple (0/1) D:4         Ossuary (visited)
   Lair: D:8-11         Orc: D:9-12

Altars:
Dithmenos
Elyvilon
Hepliaklqana
Okawaru
Qazlal
Trog
Uskayaw
Wu Jian
Yredelemnul

Shops:
D:3 (   D:6 *:


Innate Abilities, Weirdness & Mutations

You are a hulking beast.
Your limbs bulge with bestial killing power. (Slay +4)
You are too large for most types of armour.
You have claws for hands.
Your natural rate of healing is unusually fast.
You are covered in fur. (AC +1)
You have tough skin. (AC +1)


Message History

The wyvern hisses angrily.
The killer bee buzzes angrily. x4
You hear an angry buzzing noise.
Found a ring mail and 7 gold pieces.
There is a stone staircase leading up here.
The water elemental hits you!
The water elemental engulfs you in water!
You climb upwards.
The water engulfing you falls away.
You gasp with relief as air once again reaches your lungs.
The water elemental hits you.
The merfolk throws a boomerang.
The boomerang hits you! The water elemental hits you!
The water elemental engulfs you in water!
There is a stone staircase leading down, spattered with blood here.
Your lungs strain for air!
The water elemental attacks as it pursues you!
The water elemental barely misses you. The water elemental hits you. x2
The water elemental misses you.
The merfolk hits you from afar with a +0 trident!
* * * LOW HITPOINT WARNING * * *
You slip free of the water engulfing you.
You gasp with relief as air once again reaches your lungs.
The water elemental attacks as it pursues you!
The water elemental hits you!
* * * LOW HITPOINT WARNING * * *
The water elemental engulfs you in water!
The water elemental attacks as it pursues you!
The water elemental closely misses you.
You cannot read scrolls while unable to breathe!
You slip free of the water engulfing you.
You gasp with relief as air once again reaches your lungs.
The water elemental attacks as it pursues you!
The water elemental completely misses you.
The merfolk hits you from afar with a +0 trident!!
* * * LOW HITPOINT WARNING * * *
The water elemental hits you.
The water elemental engulfs you in water!
You slip free of the water engulfing you.
You gasp with relief as air once again reaches your lungs.
The water elemental attacks as it pursues you!
The water elemental hits you!
You die...

# ##.....#.......## #.E.~...
#. #...#8..........# #m.E..#
... ##...##........>.###E...##
...#.....#...........#......#
........................##....
...#...##............### ...
#...##...EE.......# ..
#####8...EEm......# .
#......h.......##
#..............#
#..............#
#..............#
#................
#...............##
##....<.........#
.................
....####........


You could see a merfolk and 4 water elementals.

Vanquished Creatures
  Pikel (D:5)
  Prince Ribbit (D:6)
  Edmund (D:6)
  2 water moccasins
  An ice beast (D:4)
  4 ogres
  A sky beast (D:7)
  A black bear (D:6)
  A centaur (D:7)
  An elf zombie (Ossuary)
  2 phantoms
  3 bullfrogs
  5 scorpions
  A gnoll sergeant (D:7)
  3 wights (D:7)
  6 killer bees (D:7)
  3 howler monkeys
  2 orc priests (D:5)
  8 hounds
  3 jellies
  2 sleepcaps
  2 iguanas
  2 orc wizards (D:5)
  Ijyb (D:5)
  2 mummies (Ossuary)
  10 gnolls
  9 adders
  A white imp (D:7)
  2 ufetubi (D:6)
  2 worms
  2 dart slugs
  16 orcs
  2 bats
  8 endoplasms
  5 giant cockroaches
  3 gnoll zombies (Ossuary)
  12 goblins
  6 hobgoblins
  9 jackals
  12 kobolds
  3 quokkas
  6 ball pythons
  3 frilled lizards
  5 goblin zombies (Ossuary)
  2 hobgoblin zombies (Ossuary)
  3 orc zombies (Ossuary)
  7 rats
187 creatures vanquished.

Notes
Turn   | Place    | Note
-------+----------+-------------------------------------------
     0 | D:1      | DocClef the Troll Shapeshifter began the quest for the Orb.
     0 | D:1      | Reached XP level 1. HP: 18/18 MP: 0/0
     1 | D:1      | Found a runed translucent door.
    25 | D:1      | Reached skill level 1 in Fighting
    33 | D:1      | Reached XP level 2. HP: 27/27 MP: 1/1
   163 | D:1      | Reached XP level 3. HP: 33/33 MP: 2/2
   313 | D:1      | Got An Introduction to Spellcraft
   771 | D:2      | Reached XP level 4. HP: 31/42 MP: 3/3
   886 | D:2      | Reached XP level 5. HP: 49/49 MP: 4/4
  1450 | D:3      | Found Ciodol's Weapon Shoppe.
  1653 | D:4      | Found a bloodstained altar of Trog.
  1656 | D:4      | Noticed a phantom
  1664 | D:4      | Killed a phantom
  1665 | D:4      | Reached XP level 6. HP: 48/59 MP: 5/5
  1681 | D:4      | Found a staircase to the Ecumenical Temple.
  1800 | D:4      | Found a white marble altar of Elyvilon.
  1974 | D:4      | Found an iron altar of Okawaru.
  1983 | D:4      | Became a worshipper of Warmaster Okawaru
  2194 | D:4      | Identified the ring "Wext" {rF+ MP-9 Int+9}
  2198 | D:4      | Reached XP level 7. HP: 46/67 MP: 6/6
  2206 | D:4      | Reached skill level 5 in Unarmed Combat
  2563 | D:5      | Entered Level 5 of the Dungeon
  2584 | D:4      | Reached * piety under Okawaru
  2585 | D:4      | Reached skill level 5 in Shapeshifting
  2640 | D:5      | Reached XP level 8. HP: 11/78 MP: 7/7
  2813 | D:5      | Reached ** piety under Okawaru
  2818 | D:5      | Noticed Ijyb
  2828 | D:5      | Killed Ijyb
  2941 | D:5      | Noticed Pikel
  2968 | D:5      | Killed Pikel
  2969 | D:5      | Reached skill level 5 in Dodging
  3235 | D:6      | Found Tollearph's Book Shoppe.
  3303 | D:6      | Found an ornate altar of the Wu Jian Council.
  3328 | D:6      | Found a hide-covered altar of Uskayaw.
  3364 | D:6      | Reached *** piety under Okawaru
  3365 | D:6      | Reached XP level 9. HP: 87/87 MP: 8/8
  3495 | D:6      | Found a shadowy altar of Dithmenos.
  3551 | D:6      | Found Ziph's Assorted Antiques.
  3568 | D:6      | Reached skill level 5 in Fighting
  3634 | D:6      | Noticed Edmund
  3641 | D:6      | Killed Edmund
  3799 | D:6      | Noticed Prince Ribbit
  3815 | D:6      | Killed Prince Ribbit
  3863 | D:6      | Found a basalt altar of Yredelemnul.
  4231 | D:7      | Found a stormy altar of Qazlal.
  4483 | D:7      | Reached **** piety under Okawaru
  4700 | D:7      | Found a hazy altar of Hepliaklqana.
  4908 | D:8      | Found a sand-covered staircase.
  4913 | Ossuary  | Entered an ossuary
  4952 | Ossuary  | Reached XP level 10. HP: 98/98 MP: 0/9
  5058 | D:8      | HP: 4/98 [merfolk/+0 trident (20)]
  5059 | D:8      | Mangled by a water elemental

Illustrated notes

Levels and vault maps discovered:
D:1:      dpeg_arrival_caged_fury, layout_basic, minmay_misc_feat_cross
D:2:      layout_basic
D:3:      layout_basic, serial_shops, shop
D:4:      minmay_bubble_buster, layout_basic, kennysheep_okawaru_gauntlet,
          bloody_trog, nicolae_elyvilon_peaceful_grove,
          minmay_temple_entry_drinking_statues, serial_curves, eino_curves_01,
          eino_curves_03, eino_curves_02, eino_curves_03, minmay_goblin_outpost
D:5:      layout_rooms, uniq_ijyb, uniq_pikel
D:6:      layout_cave_pods, nicolae_wu_jian_wuxing_cycle, amcnicky_altar_gilded,
          mainiacjoe_overflow_paths, lemuel_crystal_altar, serial_shops, shop,
          nicolae_take_the_stairs, uniq_edmund, uniq_prince_ribbit1
D:7:      layout_rooms, nicolae_qazlal_beasts_of_the_sky,
          mainiacjoe_overflow_alcove_4
D:8:      layout_cave_pods, general_overflow_altar,
          lightli_ossuary_entry_decrepit_ruins, nicolae_rank_and_phial
D:9:      layout_cave_pools, vehumet_altar_wand_db

Skill      XL: |  1  2  3  4  5  6  7  8  9 |
---------------+----------------------------+-----
Fighting       | 1 2 3 4 6 |  6.0
Dodging        | 2 3 4 5 6 |  6.2
Unarmed Combat | 4 5 6 7 |  7.9
Shapeshifting  | 4 5 6 7 |  7.2

Action                     |  1- 3 |  4- 6 |  7- 9 | 10-12 || total
---------------------------+-------+-------+-------+-------++-------
  Melee: Unarmed           |    84 |   150 |   233 |     9 ||   476
         Punch             |     3 |     2 |    12 |       ||    17
 Armour: Animal skin       |    35 |   105 |    47 |       ||   187
         Robe              |       |       |   117 |    16 ||   133
  Dodge: Dodged            |    27 |    73 |    89 |     8 ||   197

Table legend: (Time is in decaauts)
 A = Elapsed time spent in this place.
 B = Non-inter-level travel time spent in this place.
 C = Inter-level travel time spent in this place.
 D = Time resting spent in this place.
 E = Time spent auto-exploring this place.
 F = Levels seen in this place.
 G = Mean time per level.
                   A        B        C        D        E       F      G
               +--------+--------+--------+--------+--------+-----+--------+
         Total |   5009 |   4869 |    140 |    136 |   3604 |  10 |  500.9 |
       Dungeon |   4904 |   4764 |    140 |    136 |   3552 |   9 |  544.9 |
       Ossuary |    105 |    105 |      0 |      0 |     52 |   1 |  105.0 |
               +--------+--------+--------+--------+--------+-----+--------+

Top non-repeatable levels by time:
     D:6: 966 daAuts
     D:4: 949 daAuts
     D:1: 685 daAuts
     D:7: 674 daAuts
     D:5: 625 daAuts
     D:2: 527 daAuts
     D:3: 420 daAuts
 Ossuary: 105 daAuts
     D:8: 52 daAuts
     D:9: 1 daAuts
